[Event "*** SCC Grand Prix: Titled Tuesday Blitz"]
[Site "Chess.com"]
[Date "2020.07.21"]
[Round "5"]
[White "Emp3rador"]
[Black "JoliyRoger"]
[Result "0-1"]
[WhiteElo "2458"]
[BlackElo "2320"]
[TimeControl "180+1"]
[EndTime "10:55:27 PDT"]
[Termination "JoliyRoger won by resignation"]

1. d4 Nf6 2. Nf3 e6 3. Bg5 c5 4. e3 b6 5. Nbd2 Bb7 6. c3 Be7 7. Bd3 a6 8. O-O O-O 9. e4 d6 10. Qe2 h6 11. Bh4 Nh5 12. Bxe7 Qxe7 13. Qe3 Nc6 14. e5 cxd4 15. cxd4 dxe5 16. dxe5 Nb4 17.
Be4 Nd5 18. Bxd5 Bxd5 19. g4 f5 20. gxh5 Qf7 21. Qf4 Qxh5 22. Qh4 Bxf3 23. Qxh5 Bxh5 24. Nc4 b5 25. Nd6 Bf3 26. Rac1 Bd5 27. a3 Ra7 28. Rc5 f4 29. Rfc1 f3 30. Rc8 Rxc8 31. Rxc8+ Kh7 32. h4 h5 33. Kh2 a5 34. Nxb5 Rb7 35. a4 Bb3 36.
Nd6 Rb4 37. Kg3 Rg4+ 38. Kxf3 Rxh4 39. Rc5 Rxa4 40. Kg3 Bd5 41. Rc7 Rb4 42. Ne8 Rg4+ 43. Kh3 Kh6 44. Ra7 a4 45. f4 Bg2+ 46. Kh2 Bc6 47. Nd6 Rg2+ 48. Kh3 Rxb2 49. Rc7 Bd5 50. Ra7 Rb3+ 51. Kh2 a3 52. Ne8 Rb2+ 53. Kg3 a2 54. Nxg7 Rg2+ 55. Kh4 Rxg7 56. f5 Rg4+ 57. Kh3 exf5 58. Ra6+ Kg5 59. e6 Re4 60. e7 Rxe7 0-1

[Event "*** SCC Grand Prix: Titled Tuesday Blitz"]
[Site "Chess.com"]
[Date "2020.07.21"]
[Round "5"]
[White "MisiekZielony"]
[Black "goofypenguin96"]
[Result "0-1"]
[WhiteElo "2242"]
[BlackElo "2377"]
[TimeControl "180+1"]
[EndTime "10:55:28 PDT"]
[Termination "goofypenguin96 won on time"]

1. c4 g6 2. Nc3 Bg7 3. g3 d6 4. Bg2 e5 5. e4 Ne7 6. Nge2 O-O 7. d3 f5 8. O-O Be6 9. exf5 Bxf5 10.
Bxb7 Nd7 11. Bg2 Rb8 12. b3 Nc5 13. Ne4 Nxe4 14. dxe4 Be6 15. Be3 a5 16. Nc3 Qd7 17. f3 Nc6 18. Nb5 a4 19. Qd2 axb3 20. axb3 Nd4 21.
Nxd4 exd4 22. Bxd4 Rxb3 23. Bxg7 Qxg7 24. Rac1 Ra8 25. c5 Rb2 26. Rc2 Rxc2 27. Qxc2 Ra2 28. Qc1 Qd4+ 29. Kh1 dxc5 30. f4 Rd2 31. Qa3 Bc4 32.
Rg1 Kg7 33. Qa7 Qd6 34. e5 Qe7 35. Qa5 Rd4 36. Rc1 Qd7 0-1

[Event "*** SCC Grand Prix: Titled Tuesday Blitz"]
[Site "Chess.com"]
[Date "2020.07.21"]
[Round "5"]
[White "Dedic8"]
[Black "ENEASZ"]
[Result "1-0"]
[WhiteElo "2769"]
[BlackElo "2596"]
[TimeControl "180+1"]
[EndTime "10:55:29 PDT"]
[Termination "Dedic8 won by resignation"]

1. e4 d6 2. d4 Nf6 3. Nc3 e5 4. Nf3 Nbd7 5. Rg1 g6 6. g4 Bg7 7. Be3 O-O 8. g5 Nh5 9. Qd2 c6 10. O-O-O b5 11. d5 b4 12. dxc6 bxc3 13. Qxc3 Nb6 14.
Bb5 Qc7 15. Rd2 Nf4 16. Rgd1 a6 17. Bf1 Be6 18. Rxd6 Bg4 19. Nxe5 Ne6 20. R1d2 Nc8 21. R6d5 Ne7 22. Ra5 Bxe5 23. Rxe5 Nxc6 24. Red5 Ne7 25. Qxc7 Nxc7 26. Rd7 Bxd7 27. Rxd7 Rac8 28. Rxe7 Rfe8 29. Rxe8+ Rxe8 30. f3 Rb8 31. a4 Kf8 32.
c3 Ke7 33. b4 Kd6 34. Kc2 Kc6 35. Bc4 Re8 36. h4 Kb7 37. Kd3 Ne6 38. Bd5+ Kc7 39. a5 Rh8 40. Bb6+ Kd6 41. c4 h6 42. b5 axb5 43. cxb5 hxg5 44. hxg5 Nxg5 45. a6 Nxf3 46. a7 Ne5+ 47. Ke2 Nd7 48. Bd4 Rh2+ 49. Kf1 1-0

[Event "*** SCC Grand Prix: Titled Tuesday Blitz"]
[Site "Chess.com"]
[Date "2020.07.21"]
[Round "5"]
[White "Zurability"]
[Black "giantslayer83"]
[Result "0-1"]
[WhiteElo "2576"]
[BlackElo "2737"]
[TimeControl "180+1"]
[EndTime "10:55:29 PDT"]
[Termination "giantslayer83 won on time"]

1. Nf3 d5 2. g3 g6 3. Bg2 Bg7 4.
O-O e5 5. c4 Ne7 6. cxd5 Nxd5 7.
Nc3 Ne7 8. d3 Nbc6 9. Bd2 O-O 10.
Rb1 Re8 11. b4 Nd4 12. Ne4 Bg4 13. Nxd4 exd4 14. Bg5 h6 15. Bxh6 Nd5 16. Bxg7 Kxg7 17. h3 Rxe4 18. dxe4 Nc3 19. Qd2 Bxe2 20. a3 Bxf1 21.
Rxf1 a5 22. e5 axb4 23. axb4 Ra2 24. Qd3 c6 25. Re1 Qe7 26. e6 f6 27. Bf3 Nb5 28. Re4 Ra3 29. Qd1 Nc3 30. Qc1 Nxe4 31. Qxa3 Qxe6 32. Qd3 Ng5 33. Bg4 Qe1+ 34. Kg2 Qxb4 35. h4 Nf7 36. h5 Ne5 37. Qe4 gxh5 38. Bxh5 Qd6 39. Be8 d3 40. f4 Nf7 41. Qf3 d2 42.
Qh5 Qe6 43. Bxf7 Qxf7 44. Qg4+ Kf8 45. Qc8+ Qe8 46. Qg4 Qe4+ 47. Kh2 Qc2 48. Qc8+ Ke7 49. Qc7+ Ke6 50. f5+ Kd5 51. Qd7+ Kc4 0-1

[Event "*** SCC Grand Prix: Titled Tuesday Blitz"]
[Site "Chess.com"]
[Date "2020.07.21"]
[Round "5"]
[White "londonkid"]
[Black "blitzking1729"]
[Result "1/2-1/2"]
[WhiteElo "2419"]
[BlackElo "2578"]
[TimeControl "180+1"]
[EndTime "10:55:29 PDT"]
[Termination "Game drawn by repetition"]

1. d4 d5 2. c4 e5 3. dxe5 d4 4. Nf3 Nc6 5. a3 Nge7 6. b4 Ng6 7. Bb2 Ngxe5 8. Nxe5 Nxe5 9. e3 Be6 10. Bxd4 Nxc4 11. Qc2 Nd6 12. Bd3 Qg5 13. O-O Be7 14. Nc3 Bh3 15.
f4 Qg4 16. Kh1 c6 17. gxh3 Qxh3 18. Qg2 Qd7 19. Rad1 Bf6 20. Be5 Qe7 21. Bxd6 Qxd6 22. Bf5 Qe7 23. Bd7+ Kf8 24. e4 Bxc3 25. e5 a5 26. e6 f5 27. Qc2 axb4 28. axb4 Bf6 29. Qxf5 g6 30. Qc5 Qxc5 31. bxc5 Ke7 32. Rb1 Rhb8 33.
Rb4 Ra5 34. Bxc6 Rxc5 35. Bxb7 Bc3 36. Rb3 Bd2 37. Rd1 Rc1 38. Rxc1 Bxc1 39. Bd5 Rxb3 40.
Bxb3 Bxf4 41. Kg2 Bd6 42. h3 h5 43. Kf3 h4 44. Kg4 Bg3 45. Kg5 Be1 46. Kxg6 Bg3 47.
Kf5 Be1 48. Kg4 Bg3 49. Kf3 Be1 50. Ke2 Bg3 51. Kf3 Bb8 52. Kg4 Bg3 53. Kf3 1/2-1/2

[Event "*** SCC Grand Prix: Titled Tuesday Blitz"]
[Site "Chess.com"]
[Date "2020.07.21"]
[Round "5"]
[White "GigaQuparadze"]
[Black "Reader777"]
[Result "1-0"]
[WhiteElo "2875"]
[BlackElo "2660"]
[TimeControl "180+1"]
[EndTime "10:55:30 PDT"]
[Termination "GigaQuparadze won by resignation"]

1. e4 c5 2. Nc3 Nc6 3. Bb5 Nd4 4. Nf3 a6 5. Bd3 Nc6 6. O-O d6 7. Be2 e5 8. Nd5 Nge7 9. c3 Be6 10. Nxe7 Bxe7 11.
d4 cxd4 12. cxd4 exd4 13. Nxd4 Nxd4 14. Qxd4 O-O 15. Be3 Bf6 16. Qb4 a5 17. Qa3 b5 18.
Bxb5 Rb8 19. Qa4 Bxb2 20. Rad1 Qc7 21. Rd2 Bf6 22. Rc2 Qb7 23. Bc6 Qb4 24. Rd1 Qxa4 25. Bxa4 Rb4 26. Bc6 Rc8 27. f3 g6 28. Rxd6 Rb1+ 29.
Kf2 Rb2 30. Rxb2 Bxb2 31. Bd5 Ba3 32. Bxe6 fxe6 33. Rd2 Bc1 34. Re2 Kf7 35. Bxc1 Rxc1 36. Ke3 e5 37. Rb2 Rc3+ 38. Kd2 Rc5 39. Rb7+ Ke6 40. Rxh7 Rb5 41. Rc7 a4 42. Rc4 a3 43.
Rc3 Rb2+ 44. Rc2 Rb1 45. Kc3 Kf6 46. Rd2 Kg5 47. g3 Kf6 48. f4 exf4 49. gxf4 Re1 50. Rd4 Re2 51. Kb3 Rxh2 52. Kxa3 Rf2 53. e5+ Kf5 54.
Kb3 g5 55. fxg5 Kxe5 56. Rg4 Rf7 57. g6 Rg7 58. a4 Kd6 59. a5 Kc5 60. Rg5+ Kc6 61.
Kc4 Kd6 62. a6 Kc6 63. Kd4 Kb6 64. Ke5 Rc7 65. g7 Rc5+ 66. Kf6 Rc6+ 67. Kf7 Rc7+ 68. Kg6 Rc8 69. Kh7 Rc7 70. Kh8 1-0

[Event "*** SCC Grand Prix: Titled Tuesday Blitz"]
[Site "Chess.com"]
[Date "2020.07.21"]
[Round "5"]
[White "KuzubovYuriy"]
[Black "Paladin61"]
[Result "1-0"]
[WhiteElo "2830"]
[BlackElo "2620"]
[TimeControl "180+1"]
[EndTime "10:55:30 PDT"]
[Termination "KuzubovYuriy won by checkmate"]

1. d4 Nf6 2. c4 g6 3. Nc3 Bg7 4. e4 d6 5. Be2 O-O 6. Bg5 Na6 7. f4 c6 8. Nf3 Nc7 9. Qd2 b5 10. cxb5 cxb5 11. a3 a6 12. O-O Bb7 13. d5 Qd7 14. Rad1 Rac8 15. Kh1 Rfd8 16. f5 Na8 17. Qe3 Rf8 18. h3 Qc7 19. Bh6 Qb6 20. Qg5 b4 21. axb4 Qxb4 22. Qh4 Qxb2 23. Na4 Qxe2 24. Rde1 Qc2 25. Ng5 Nh5 26. Bxg7 Kxg7 27. g4 h6 28. gxh5 hxg5 29. Qxg5 Rh8 30. Rg1 Qxa4 31. Qxe7 Rce8 32. Rxg6+ Kh7 33. Qxf7# 1-0

[Event "*** SCC Grand Prix: Titled Tuesday Blitz"]
[Site "Chess.com"]
[Date "2020.07.21"]
[Round "5"]
[White "qingaunlee"]
[Black "VladaSviridova"]
[Result "1-0"]
[WhiteElo "2344"]
[BlackElo "2128"]
[TimeControl "180+1"]
[EndTime "10:55:30 PDT"]
[Termination "qingaunlee won by checkmate"]

1. e4 e6 2. d4 d5 3. Nd2 c5 4.
exd5 Qxd5 5. Ngf3 cxd4 6. Bc4 Qd7 7. O-O Nc6 8. Nb3 a6 9. Nbxd4 Nxd4 10. Nxd4 Qc7 11.
Bb3 Bd6 12. h3 Ne7 13. Re1 O-O 14. c3 b6 15. Bg5 Ng6 16. Bc2 Bb7 17. Bxg6 hxg6 18.
Qd3 Rad8 19. Rad1 e5 20. Bxd8 Rxd8 21. Nc2 e4 22. Qe2 Bc5 23. Rxd8+ Qxd8 24. Rd1 Qg5 25. Ne3 Kh7 26. Rd7 Bc8 27. Rd5 Qe7 28. b4 Bd6 29. Nc4 Bc7 30. Rd4 Bf5 31. g4 Be6 32. Rxe4 Qh4 33.
Qd3 b5 34. Ne5 Qf6 35. Nf3 Bc4 36. Qe3 Bb6 37. Ng5+ Kh6 38. Nxf7+ Kh7 39. Ng5+ Kh6 40. Nf7+ Kh7 41. Re8 g5 42. Qe4+ Qg6 43. Rh8# 1-0

[Event "*** SCC Grand Prix: Titled Tuesday Blitz"]
[Site "Chess.com"]
[Date "2020.07.21"]
[Round "5"]
[White "Rish_97"]
[Black "GGfrances"]
[Result "0-1"]
[WhiteElo "2695"]
[BlackElo "2488"]
[TimeControl "180+1"]
[EndTime "10:55:31 PDT"]
[Termination "GGfrances won by resignation"]

1. d4 Nf6 2. c4 g6 3. g3 Bg7 4. Bg2 d6 5. Nc3 O-O 6. Nf3 c6 7. O-O Qa5 8. e4 Qh5 9. Ng5 Qxd1 10. Rxd1 h6 11. Nh3 Nbd7 12. f3 c5 13. Be3 cxd4 14. Bxd4 Ne5 15. Nf4 Nxc4 16. Nfd5 Nxb2 17. Nxe7+ Kh7 18.
Rdb1 Nc4 19. Nxc8 Raxc8 20. Rxb7 Na5 21. Rb5 Rc4 22. Ne2 Nc6 23. Bb2 a6 24. Rb3 Na5 25.
Rc3 Rb8 26. Rxc4 Nxc4 27. Bd4 Ne5 28. Rd1 Nfd7 29. f4 Nc4 30. Bxg7 Kxg7 31. Rc1 Rb4 32. Nc3 Ne3 33. Bh3 Nc5 34. Kf2 Nd3+ 35. Kxe3 Nxc1 36. Nd5 Rb2 37. a4 Rxh2 38. Bc8 Ra2 39. Nb6 a5 40. Bd7 Ra3+ 41. Kd4 Nb3+ 42. Kc3 Nc5+ 43. Kb2 Rxg3 44. Bb5 Nxe4 45. Nc4 Nc5 46. Nxa5 Rf3 47. Nc4 Rxf4 48. Nxd6 Nxa4+ 0-1

[Event "*** SCC Grand Prix: Titled Tuesday Blitz"]
[Site "Chess.com"]
[Date "2020.07.21"]
[Round "5"]
[White "GregShahade"]
[Black "pooh2012"]
[Result "1-0"]
[WhiteElo "2708"]
[BlackElo "2431"]
[TimeControl "180+1"]
[EndTime "10:55:31 PDT"]
[Termination "GregShahade won by resignation"]

1. e4 c6 2. Nc3 d5 3. Nf3 Bg4 4.
h3 Bxf3 5. Qxf3 e6 6. Be2 Nf6 7. O-O Nbd7 8. d4 dxe4 9. Nxe4 Nxe4 10. Qxe4 Nf6 11. Qd3 Bd6 12. c3 O-O 13. Re1 c5 14.
Be3 Qc7 15. dxc5 Bxc5 16. Qc4 Rac8 17. Bxc5 Qxc5 18. Qxc5 Rxc5 19. Rad1 Rfc8 20. Bf3 R5c7 21. Rd4 Kf8 22. Kf1 Ke7 23. Red1 b6 24. a4 Rd7 25.
Ke2 Rxd4 26. Rxd4 e5 27. Rb4 Rc5 28. Kd2 Nd5 29. Rh4 Nf6 30. b4 Rc7 31. b5 h5 32. a5 g5 33. Ra4 Rc5 34. axb6 axb6 35. Bc6 g4 36. hxg4 Nxg4 37. f3 Nf6 38. Ra7+ Ke6 39. Rb7 Kf5 40. Rxb6 Kf4 41. Rb7 Kg3 42. Rxf7 Ng8 43. Rg7+ 1-0

[Event "*** SCC Grand Prix: Titled Tuesday Blitz"]
[Site "Chess.com"]
[Date "2020.07.21"]
[Round "5"]
[White "MNyuyu"]
[Black "krzyzan94"]
[Result "0-1"]
[WhiteElo "2420"]
[BlackElo "2643"]
[TimeControl "180+1"]
[EndTime "10:55:32 PDT"]
[Termination "krzyzan94 won by checkmate"]

1. d4 Nf6 2. Nf3 g6 3. Bf4 Bg7 4. e3 O-O 5. Be2 d6 6. h3 Nbd7 7. Nbd2 Qe8 8. c3 e5 9. dxe5 dxe5 10. Bh2 Qe7 11. O-O Rd8 12. Qc2 c6 13. Nc4 Ne8 14. Rad1 f6 15. e4 Nc5 16. Rxd8 Qxd8 17. Rd1 Qe7 18.
b4 Ne6 19. a4 b6 20. a5 b5 21.
Ne3 Nd6 22. Qb3 Nxe4 23. c4 Nd6 24. cxb5 Nxb5 25. Bxb5 cxb5 26. Nd5 Qf7 27. Nc3 a6 28.
Rd8+ Nxd8 29. Qc2 Bb7 30. Bg3 Ne6 31. Ne4 Rc8 32. Qe2 Bxe4 33. Qxe4 Qd7 34. h4 Nd4 35.
Nxd4 exd4 36. h5 d3 37. hxg6 d2 38. gxh7+ Kh8 39. Qg6 d1=Q+ 40. Kh2 Rc1 41. Bf4 Qg1+ 42. Kg3 Rc3+ 43. f3 Qe1+ 44. Kh2 Qh4+ 45. Kg1 Qd1# 0-1

[Event "*** SCC Grand Prix: Titled Tuesday Blitz"]
[Site "Chess.com"]
[Date "2020.07.21"]
[Round "5"]
[White "ManuDavid2910"]
[Black "skiff134"]
[Result "1-0"]
[WhiteElo "2696"]
[BlackElo "2502"]
[TimeControl "180+1"]
[EndTime "10:55:33 PDT"]
[Termination "ManuDavid2910 won on time"]

1. e4 c6 2. Nf3 d5 3. Nc3 dxe4 4. Nxe4 Nf6 5. Neg5 h6 6. Nxf7 Kxf7 7. Ne5+ Kg8 8. Ng6 Bf5 9. Bc4+ Kh7 10. Nxh8 Kxh8 11.
O-O Nbd7 12. d4 e5 13. Be3 Qc7 14. Qf3 Be4 15. Qg3 Bd6 16. Qh4 exd4 17. Bxd4 Ne5 18. Rfe1 Ng6 19. Qh3 Nf4 20. Qc3 N6d5 21. Bxd5 Bxd5 22.
f3 Ne6 23. Be5 Qb6+ 24. Kh1 Bb4 25. Qd3 Bxe1 26. Rxe1 Qf2 27. Rf1 Qc5 28. Qg6 Qc4 29.
Re1 Kg8 30. b3 Qh4 31. Bc3 Qg5 32. Rxe6 Bxe6 33. Qxe6+ Kh8 34. h3 Rd8 35. Be5 Rd1+ 36. Kh2 Re1 37. Bxg7+ Kxg7 38. Qxe1 Qf4+ 39. Qg3+ Qxg3+ 40. Kxg3 Kf6 41. Kf4 h5 42. g4 1-0

[Event "*** SCC Grand Prix: Titled Tuesday Blitz"]
[Site "Chess.com"]
[Date "2020.07.21"]
[Round "5"]
[White "tan275"]
[Black "ThePatrick27"]
[Result "1-0"]
[WhiteElo "2255"]
[BlackElo "2497"]
[TimeControl "180+1"]
[EndTime "10:55:33 PDT"]
[Termination "tan275 won by checkmate"]

1. d4 Nf6 2. c4 g6 3. g3 Bg7 4.
Bg2 O-O 5. Nf3 d6 6. Nc3 Nc6 7. O-O e5 8. d5 Ne7 9. e4 Nd7 10. Ne1 a5 11. Nd3 f5 12. f4 c6 13. fxe5 Nxe5 14.
Nxe5 Bxe5 15. Bh6 Re8 16. Kh1 Qb6 17. Qd2 cxd5 18. cxd5 Bd7 19. Rae1 Qd4 20. Qg5 Bf6 21.
Qf4 Be5 22. Qg5 Bg7 23. Bxg7 Qxg7 24. exf5 gxf5 25. Qf4 Ra6 26. Ne2 Rf8 27. Nd4 Ng6 28. Qd2 Ne5 29. Ne6 Bxe6 30. dxe6 Qe7 31. Bd5 Kh8 32. Qg2 Rb6 33. b3 Rb4 34. Rf4 Rxf4 35.
gxf4 Ng6 36. Qg5 Qxg5 37. fxg5 b6 38. e7 Re8 39. Rc1 Rxe7 40. Rc8+ Kg7 41. Rg8# 1-0

[Event "*** SCC Grand Prix: Titled Tuesday Blitz"]
[Site "Chess.com"]
[Date "2020.07.21"]
[Round "5"]
[White "canary2016"]
[Black "crazychessbr"]
[Result "1-0"]
[WhiteElo "1910"]
[BlackElo "2104"]
[TimeControl "180+1"]
[EndTime "10:55:33 PDT"]
[Termination "canary2016 won on time"]

1. d4 Nf6 2. c4 g6 3. Nf3 Bg7 4. g3 d6 5. Bg2 O-O 6. O-O Nc6 7. Nc3 e5 8. e4 exd4 9. Nxd4 Nxd4 10. Qxd4 Nd7 11.
Qd1 Ne5 12. Qe2 Be6 13. Rd1 Bxc4 14. Qc2 c6 15. Be3 Qe7 16. Rac1 Be6 17. Ne2 Rfd8 18.
Nd4 Ng4 19. Bf4 g5 20. Nxe6 fxe6 21. Bd2 Rf8 22. f3 Ne5 23. Be3 Nxf3+ 24. Bxf3 Rxf3 25. Qe2 g4 26. Rf1 Raf8 27. Bf4 e5 28. Rxf3 gxf3 29. Qc4+ Kh8 30. Be3 Qf6 31. Bf2 Rd8 32. Qb4 Qe7 33.
Bxa7 Bh6 34. Rd1 c5 35. Qb3 Ra8 36. Bb6 Ra6 37. a4 Qd7 38. a5 Qc6 39. Qxf3 Rxb6 40. axb6 Qxb6 41. Qf6+ Bg7 42. Qf2 h6 43. Ra1 1-0

[Event "*** SCC Grand Prix: Titled Tuesday Blitz"]
[Site "Chess.com"]
[Date "2020.07.21"]
[Round "5"]
[White "Iljushin_Alexey"]
[Black "Chessmatus"]
[Result "1-0"]
[WhiteElo "2691"]
[BlackElo "2425"]
[TimeControl "180+1"]
[EndTime "10:55:34 PDT"]
[Termination "Iljushin_Alexey won by resignation"]

1. d4 Nf6 2. c4 g6 3. Nc3 d5 4. Bg5 Ne4 5. Bh4 Nxc3 6. bxc3 dxc4 7. e3 Bg7 8. Bxc4 O-O 9. Nf3 c5 10. O-O Nc6 11. h3 b6 12. Rc1 Bb7 13. Qe2 Qc7 14.
Bg3 e5 15. Bb5 a6 16. Bxc6 Qxc6 17. Bxe5 Bxe5 18. dxe5 Rfe8 19. Rfd1 Rxe5 20. Ne1 Rae8 21. Qg4 h5 22. Qd7 Qe4 23. Qd3 Qc6 24. Qd6 R5e6 25. Qxc6 Bxc6 26. a3 Kg7 27. Rd2 Bb5 28. c4 Bc6 29. Rc3 Be4 30. Nf3 Bxf3 31. gxf3 Rc6 32.
a4 Kf6 33. Rcd3 Ree6 34. Rd8 Re7 35. Ra8 b5 36. axb5 axb5 37. cxb5 Rb6 38. Ra6 Rxa6 39. bxa6 Ra7 40. Ra2 Ke6 41. Kf1 Kd6 42. Ke2 Kc6 43. Kd3 Kb5 44. Rb2+ Kc6 45. Ra2 Kb5 46. Rb2+ Kc6 47.
Ke4 Rxa6 48. Ke5 c4 49. Kf6 Kc5+ 50. Kxf7 c3 51. Rb1 Kc4 52. e4 c2 53. Rc1 Kd3 54. e5 Kd2 55. Rxc2+ Kxc2 56. e6 Kd2 57. e7 Ra7 58.
Kf6 Ra8 59. Kxg6 Ke2 60. f4 Kf3 61. f5 Kf4 62. f6 1-0

[Event "*** SCC Grand Prix: Titled Tuesday Blitz"]
[Site "Chess.com"]
[Date "2020.07.21"]
[Round "5"]
[White "penguingm1"]
[Black "Matveev_Vladimir"]
[Result "1-0"]
[WhiteElo "2930"]
[BlackElo "2667"]
[TimeControl "180+1"]
[EndTime "10:55:35 PDT"]
[Termination "penguingm1 won by resignation"]

1. d4 Nf6 2. c4 g6 3. f3 Bg7 4.
e4 O-O 5. Nc3 d6 6. Nge2 Nc6 7.
Be3 Rb8 8. Rb1 a6 9. b4 Nd7 10.
Qd2 Nb6 11. Nc1 e5 12. d5 Nd4 13. Nb3 Nxb3 14. Rxb3 f5 15. c5 Nd7 16. Bc4 Nf6 17. O-O fxe4 18. Nxe4 Nxe4 19. fxe4 Rxf1+ 20. Bxf1 Bd7 21. Bc4 Kh8 22. Rb1 Qh4 23. Bd3 Rf8 24.
Rc1 Bb5 25. Bc2 Qg4 26. a4 Bd7 27. h3 Qh4 28. Bg5 Qg3 29. Qe3 Qxe3+ 30. Bxe3 h5 31. Bd1 Be8 32. cxd6 cxd6 33. Rc7 Rf7 34. Rc8 Rf8 35. Rb8 Kh7 36. Rxb7 Kg8 37. Ra7 Rf7 38. Rxa6 Rc7 39. Rxd6 Rc3 40. Bg5 Bf8 41. Rd8 Bf7 42.
Bh6 Kh7 43. Rxf8 Rc1 44. Bxc1 1-0

[Event "*** SCC Grand Prix: Titled Tuesday Blitz"]
[Site "Chess.com"]
[Date "2020.07.21"]
[Round "5"]
[White "tsvet2005"]
[Black "Agibileg"]
[Result "0-1"]
[WhiteElo "2568"]
[BlackElo "2420"]
[TimeControl "180+1"]
[EndTime "10:55:35 PDT"]
[Termination "Agibileg won on time"]

1. d4 Nf6 2. c4 g6 3. Nc3 Bg7 4. e4 d6 5. Be2 O-O 6. Be3 e5 7. d5 a5 8. h4 h5 9. f3 c6 10. Nh3 b5 11. cxb5 cxd5 12. Nxd5 Nbd7 13. Nf2 Bb7 14. Nc3 a4 15. O-O Ne8 16. Qd2 Bf6 17. g3 Nb6 18. Rfd1 Rc8 19. Rac1 Be7 20. Kg2 Ng7 21. a3 f5 22. Bxb6 Qxb6 23. Nd5 Bxd5 24.
Qxd5+ Kh7 25. Rc6 Qe3 26. Qd3 Qa7 27. Rdc1 Rxc6 28. bxc6 Ne6 29. exf5 Rxf5 30. Qd5 Nc7 31. Qd2 Ne6 32. Ne4 Qc7 33. Bd3 Nd4 34. Ng5+ Bxg5 35.
hxg5 Rxf3 36. Be4 Rf8 37. Qb4 Ne6 0-1

[Event "*** SCC Grand Prix: Titled Tuesday Blitz"]
[Site "Chess.com"]
[Date "2020.07.21"]
[Round "5"]
[White "kasparicy"]
[Black "SilviusTiberius"]
[Result "0-1"]
[WhiteElo "2349"]
[BlackElo "2505"]
[TimeControl "180+1"]
[EndTime "10:55:35 PDT"]
[Termination "SilviusTiberius won by resignation"]

1. e4 c5 2. Nf3 Nc6 3. d4 cxd4 4. Nxd4 Nf6 5. Nc3 d6 6. Be3 Ng4 7. Bb5 Nxe3 8. fxe3 Bd7 9. O-O e6 10. Bxc6 bxc6 11. e5 Be7 12. exd6 Bxd6 13. Qf3 O-O 14. Nxc6 Bxh2+ 15. Kxh2 Qc7+ 16. Qg3 Qxc6 17. Rad1 Rab8 18. Rd6 Qc7 19. Ne4 f5 20. Rxd7 Qxd7 21. Nf6+ Rxf6 22.
Qxb8+ Rf8 23. Qe5 Rf6 24. c4 Qd2 25. Qb8+ Rf8 26. Qe5 Rf6 27. Qb8+ Rf8 28. Qe5 Qd7 29. c5 Rc8 30. b4 g6 31. a4 Kf7 32. b5 Qd3 33. Rc1 Qd2 34. Rc3 Rd8 35. c6 Rd5 36. Qg3 Qxc3 37. Qc7+ Kf6 38. Qxh7 Qe5+ 39. Kh3 Qxe3+ 40. Kh2 Qf4+ 0-1

[Event "*** SCC Grand Prix: Titled Tuesday Blitz"]
[Site "Chess.com"]
[Date "2020.07.21"]
[Round "5"]
[White "ErikRonka"]
[Black "Th3_Hound"]
[Result "0-1"]
[WhiteElo "2371"]
[BlackElo "2597"]
[TimeControl "180+1"]
[EndTime "10:55:37 PDT"]
[Termination "Th3_Hound won by resignation"]

1. e4 e5 2. Nf3 Nc6 3. Bb5 a6 4. Ba4 Nf6 5. O-O Be7 6. Re1 b5 7. Bb3 d6 8. c3 O-O 9. h3 Bb7 10. d4 Nd7 11. a4 exd4 12. cxd4 Bf6 13. Nc3 Na5 14. axb5 axb5 15. Nxb5 Nxb3 16. Rxa8 Qxa8 17. Qxb3 Bxe4 18. Na3 Bxf3 19. Qxf3 Qxf3 20. gxf3 Bxd4 21.
Nb5 Bb6 22. Be3 Re8 23. Kf1 d5 24.
Bxb6 Rxe1+ 25. Kxe1 cxb6 26. Ke2 Kf8 27. Ke3 Ke7 28. Kd4 Ke6 29. Nc7+ Kf5 30. Nxd5 h5 31.
Ke3 g5 32. Ne7+ Ke6 33. Nc6 f5 34. f4 g4 35. hxg4 fxg4 36. Nd4+ Kf6 37. Ne2 h4 38. f3 g3 39. Ng1 Kf5 40. Nh3 Nf6 41. b3 Nd5+ 42.
Kd4 Nxf4 43. Ng1 h3 44. Nxh3 Nxh3 45. Ke3 g2 0-1

[Event "*** SCC Grand Prix: Titled Tuesday Blitz"]
[Site "Chess.com"]
[Date "2020.07.21"]
[Round "5"]
[White "Shuvalov"]
[Black "dosto07"]
[Result "1-0"]
[WhiteElo "2507"]
[BlackElo "2231"]
[TimeControl "180+1"]
[EndTime "10:55:37 PDT"]
[Termination "Shuvalov won on time"]

1. Nf3 d5 2. c4 dxc4 3. e3 Nf6 4. Bxc4 e6 5. O-O c5 6. b3 Nc6 7.
Bb2 Be7 8. Be2 O-O 9. d3 b6 10. Nbd2 Bb7 11. a3 Nd7 12. Ne4 Nf6 13. Ng3 Nd5 14.
Qc2 Bf6 15. Rac1 Rc8 16. Ne4 Bxb2 17. Qxb2 Qe7 18. Rfd1 Rfd8 19. h3 h6 20. Qb1 f5 21.
Ned2 Qf6 22. Qc2 Kh8 23. Re1 e5 24. Bf1 Nce7 25. e4 Nf4 26. exf5 Nxf5 27. Nxe5 Nd4 28. Qc4 Bd5 29. Qa6 Rc7 30. Ng4 Qg6 31. Re3 h5 32.
Ne5 Qg5 33. Rce1 Rf8 34. Rg3 Qf6 35. Ndf3 Bxf3 36. Nxf3 Rcf7 37. Re3 Nd5 38. Re4 Nf4 39. Ng5 Qf5 40. h4 Nfe2+ 41. Bxe2 Qxf2+ 42. Kh2 Nxe2 43. Nxf7+ 1-0

[Event "*** SCC Grand Prix: Titled Tuesday Blitz"]
[Site "Chess.com"]
[Date "2020.07.21"]
[Round "5"]
[White "ShimanovAlex"]
[Black "GMartin_Petrov"]
[Result "1-0"]
[WhiteElo "2806"]
[BlackElo "2607"]
[TimeControl "180+1"]
[EndTime "10:55:38 PDT"]
[Termination "ShimanovAlex won by resignation"]

1. c4 c5 2. Nc3 Nc6 3. g3 g6 4.
Bg2 Bg7 5. d3 e5 6. h4 h6 7. h5 g5 8. g4 d6 9. Bxc6+ bxc6 10. e4 Nf6 11. f3 d5 12. b3 O-O 13.
Nge2 a5 14. Ng3 Re8 15. Na4 Bf8 16. Ba3 Nd7 17. Nf5 d4 18. Qd2 Qf6 19. O-O Ra7 20. Qe1 Bd6 21. Rb1 Bb7 22. Rf2 Bf8 23. Bc1 Rea8 24. Bd2 Bc8 25. Kg2 Kh7 26. Bc1 Ra6 27. a3 Nb6 28. Nb2 Rb8 29. Nd1 Ra7 30. Ra2 Rba8 31. Bd2 Bd7 32. Rba1 Nc8 33. Nf2 Be6 34. Qb1 Nd6 35. Qc2 Nc8 36. Nh1 Nb6 37. Nhg3 Qd8 38.
Ne2 Nd7 39. Nc1 Qb6 40. Rb1 Nb8 41.
Qd1 Na6 42. Qe1 Nc7 43. Rab2 Qb7 44. b4 axb4 45. axb4 cxb4 46. Bxb4 Bxb4 47. Rxb4 Ra2+ 48. Kg3 Qa6 49. Nxa2 Qxa2 50. R4b2 Qa3 51. Rb3 Qa2 52.
Qf2 Qa4 53. Qb2 Na6 54. Ra3 1-0

[Event "*** SCC Grand Prix: Titled Tuesday Blitz"]
[Site "Chess.com"]
[Date "2020.07.21"]
[Round "5"]
[White "MiroVlasenko"]
[Black "Chess_Boxer123"]
[Result "1-0"]
[WhiteElo "2733"]
[BlackElo "2570"]
[TimeControl "180+1"]
[EndTime "10:55:38 PDT"]
[Termination "MiroVlasenko won by resignation"]

1. d4 d5 2. Bf4 c5 3. e3 Nc6 4. Nc3 cxd4 5. exd4 a6 6. Nf3 Bg4 7. Be2 e6 8. O-O Bd6 9. Bxd6 Qxd6 10. Na4 b5 11. Nc5 Nge7 12. c3 Bxf3 13. Bxf3 e5 14. a4 b4 15. Be2 a5 16. Bb5 O-O 17. Re1 e4 18. Qb3 Kh8 19. Rad1 f5 20. c4 Nxd4 21. Rxd4 Qxc5 22. Red1 f4 23. cxd5 e3 24. fxe3 fxe3 25.
Qc4 Qa7 26. Qe2 h6 27. d6 Nf5 28. Rd5 Rad8 29. d7 Ne7 30. Re5 Nf5 31. Re8 Kh7 32. g4 Nd4 33. Qxe3 Nf3+ 34. Kh1 Qxe3 35. Rxe3 Ng5 36.
Re8 Nf7 37. Rde1 Nd6 38. Rxf8 Rxf8 39. Re8 Nxe8 40. dxe8=Q 1-0

[Event "*** SCC Grand Prix: Titled Tuesday Blitz"]
[Site "Chess.com"]
[Date "2020.07.21"]
[Round "5"]
[White "AniJak"]
[Black "AungTZ"]
[Result "1-0"]
[WhiteElo "2302"]
[BlackElo "2021"]
[TimeControl "180+1"]
[EndTime "10:55:38 PDT"]
[Termination "AniJak won on time"]

1. e4 c5 2. Nc3 a6 3. g3 b5 4. Bg2 Bb7 5. Nge2 Nf6 6. d3 b4 7. Na4 e6 8. Be3 Qa5 9. b3 d5 10. exd5 Bxd5 11. O-O Be7 12. a3 bxa3 13. Rxa3 Bxg2 14.
Kxg2 Nbd7 15. Ra1 Qc7 16. Nec3 O-O 17. h3 Nd5 18. Qf3 Nxc3 19. Nxc3 Bf6 20. Bd2 Nb6 21. Ra2 Bxc3 22. Bxc3 Nd5 23. Ba1 Nb4 24. Rb2 Rfd8 25. Rd1 Rab8 26. Kg1 Qd7 27. Qg4 f5 28. Qf3 Qd5 29.
Qe2 e5 30. Rbb1 Rb7 31. Bxe5 Re7 32. f4 Rde8 33. c3 Nc6 34. d4 cxd4 35. cxd4 Rb8 36. Qxa6 Rb4 37. Qc8+ Kf7 38. Qxf5+ Kg8 39. Rbc1 h6 40.
Qc8+ 1-0